 Dungeon Crawl Stone Soup version 0.30.2 (webtiles) character file.

Game seed: 1464239635632138417

98 porpoise the Caller (level 4, -4/24 HPs)
             Began as a Tengu Summoner on Feb 15, 2024.
             Slain by an ogre
             ... wielding a +0 giant spiked club
              (28 damage)
             ... on level 4 of the Dungeon.
             The game lasted 00:10:26 (2588 turns).

porpoise the Caller (Tengu Summoner)                Turns: 2588, Time: 00:10:27

Health: -4/24      AC:  5    Str:  9    XL:     4   Next: 71%
Magic:  0/10       EV: 17    Int: 17    God:
Gold:   238        SH:  5    Dex: 14    Spells: 3/9 levels left

rFire   . . .        a - +0 spear
rCold   . . .        (no shield)
rNeg    . . .        d - +0 robe
rPois   .            o - +2 hat
rElec   .            u - +0 cloak
rCorr   .            (no gloves)
SInv    .            (boots unavailable)
Will    .....        i - amulet of reflection
Stlth   ++           h - +5 ring of evasion
HPRegen 0.24/turn    (no ring)
MPRegen 0.12/turn

%: reflection
@: very slightly contaminated
A: beak, talons 3
a: no special abilities


You were on level 4 of the Dungeon.
You visited 1 branch of the dungeon, and saw 4 of its levels.

You collected 238 gold pieces.

Inventory:

Hand Weapons
 a - a +0 spear (weapon)
 b - a +0 sling
Missiles
 g - 10 javelins
Armour
 d - a +0 robe (worn)
 o - a +2 hat (worn)
 t - the +1 ring mail of Dramatic Exits {rF- Will+++ Dex+2 Stlth+}
   (You found it on level 2 of the Dungeon)

   Dex:       It affects your dexterity (+2).
   rF:        It makes you vulnerable to fire.
   Will:      It greatly increases your willpower.
   Stlth:     It makes you more stealthy.
 u - a +0 cloak (worn)
Jewellery
 h - a +5 ring of evasion (left hand)
 i - an amulet of reflection (around neck)
Wands
 v - a wand of charming (6)
Scrolls
 c - a scroll of enchant armour {unknown}
 j - 2 scrolls of teleportation
 l - a scroll of brand weapon {unknown}
 m - a scroll of poison {unknown}
 n - a scroll of silence {unknown}
 p - a scroll of magic mapping {unknown}
 q - 2 scrolls of blinking {unknown}
 s - a scroll of acquirement {unknown}
 w - a scroll of amnesia {unknown}
Potions
 e - 3 potions of might
 f - 2 potions of cancellation
 k - a potion of curing
 r - a potion of magic


   Skills:
 - Level 2.1 Dodging
 - Level 2.0 Stealth
 + Level 3.4 Spellcasting
 + Level 6.1 Summonings


You had 3 spell levels left.
You knew the following spells:

 Your Spells              Type           Power      Damage    Failure   Level
a - Summon Small Mammal   Summ           92%        N/A       1%          1
b - Call Imp              Summ           46%        N/A       1%          2
c - Call Canine Familiar  Summ           23%        N/A       4%          3

Your spell library contained the following spells:

 Spells                   Type           Power      Damage    Failure   Level
 Summon Guardian Golem    Hex/Summ       13%        N/A       14%         3
 Summon Lightning Spire   Summ/Air       13%        N/A       43%         4


Dungeon Overview and Level Annotations

Branches:
Dungeon (4/15)
 Temple: D:4-7

Altars:
Ashenzari
Elyvilon
Trog
Yredelemnul
The Shining One


Innate Abilities, Weirdness & Mutations

You have a beak for a mouth.
You have claws for feet.


Message History

Confirm with . or Enter, or press ? or * to list all spells.
A tiny devil pulls itself out of the air.
Casting: Call Imp (safe; 1% risk of failure)
Confirm with . or Enter, or press ? or * to list all spells.
The spell is quite dangerous to miscast (4% risk of failure)!
Continue anyway?
The ogre shouts!
Your cerulean imp hits the ogre from afar with a -2 spear.
You swap places.
Your quokka disappears in a puff of smoke!
Your cerulean imp hits the ogre with a -2 spear.
The ogre hits your cerulean imp with a +0 giant spiked club!!
Your cerulean imp dies!
Your cerulean imp disappears in a puff of smoke!
You could not reach far enough!
Your hound bites the ogre.
You could not reach far enough!
Your quokka disappears in a puff of smoke!
Your hound completely misses the ogre.
The ogre barely misses your hound.
Your hound bites the ogre.
You reach to attack!
You hit the ogre but do no damage.
The ogre is severely wounded.
Your hound bites the ogre.
The ogre hits your hound with a +0 giant spiked club!!
Your hound dies!
Your hound's corpse disappears in a puff of smoke!
You hear an angry hiss.
Casting: Call Canine Familiar (quite dangerous; 4% risk of failure)
Confirm with . or Enter, or press ? or * to list all spells.
The spell is quite dangerous to miscast (4% risk of failure)!
Continue anyway?
You miscast Call Canine Familiar.
You are very lightly contaminated with residual magic.
Nothing appears to happen.
Casting: Call Canine Familiar (quite dangerous; 4% risk of failure)
Confirm with . or Enter, or press ? or * to list all spells.
The spell is quite dangerous to miscast (4% risk of failure)!
Continue anyway?
You hit the ogre.
The ogre is almost dead.
Your hound closely misses the ogre.
The ogre hits you with a +0 giant spiked club!!
Ouch! That really hurt!
You die...

≈≈≈≈........####
#...≈≈≈≈≈≈.#..........
#..........#.........
#......##...........
......##.........#
.....##........†#
#............<#
#.##h...........#
#...O@................
#.##...#..............
#.....######.......
#.....# ###.....
###...# ####. #...#
....# .....#


You could see an ogre (ally target) and a friendly hound (summoned).

Vanquished Creatures
  A gnoll (D:3)
  An adder (D:2)
  2 ball pythons
  4 bats
  4 endoplasms
  A giant cockroach (D:3)
  A goblin (D:2)
  3 hobgoblins
  3 jackals (D:2)
  2 quokkas
  3 kobolds
  3 rats
28 creatures vanquished.

Vanquished Creatures (collateral kills)
  A gnoll (D:3)
  2 worms
  2 dart slugs
  3 ball pythons
  3 endoplasms
  4 goblins
  3 hobgoblins (D:1)
  2 jackals (D:2)
  2 quokkas (D:2)
  A frilled lizard (D:1)
  A kobold (D:1)
24 creatures vanquished.

Vanquished Creatures (others)
  A gnoll (D:3)
1 creature vanquished.

Grand Total: 53 creatures vanquished

Notes
Turn   | Place    | Note
-------+----------+-------------------------------------------
     0 | D:1      | porpoise the Tengu Summoner began the quest for the Orb.
     0 | D:1      | Reached XP level 1. HP: 10/10 MP: 4/4
     6 | D:1      | You fall into a shaft and drop 1 floor!
   106 | D:1      | Reached skill level 5 in Summonings
   152 | D:1      | Reached XP level 2. HP: 14/15 MP: 3/6
   255 | D:1      | Learned a level 2 spell: Call Imp
   267 | D:1      | Found a faded altar of an unknown god.
   787 | D:2      | Reached XP level 3. HP: 19/19 MP: 5/7
   791 | D:2      | Learned a level 3 spell: Call Canine Familiar
  1687 | D:2      | Reached XP level 4. HP: 24/24 MP: 7/9
  1754 | D:2      | Identified the +1 ring mail of Dramatic Exits {rF- Will+++
                  | Dex+2 Stlth+}
  2042 | D:3      | Found a bloodstained altar of Trog.
  2052 | D:3      | Reached skill level 6 in Summonings
  2134 | D:3      | Found a glowing golden altar of the Shining One.
  2245 | D:3      | Found a basalt altar of Yredelemnul.
  2410 | D:3      | Found a broken altar of Ashenzari.
  2474 | D:3      | Found a white marble altar of Elyvilon.
  2575 | D:4      | Noticed an ogre
  2588 | D:4      | Slain by an ogre

Illustrated notes

Levels and vault maps discovered:
D:1:      roderic_crop_circles_arrival_small, layout_basic,
          hellmonk_ecumenical_altar_arch_garden
D:2:      layout_loops_ring, chequers_serial_rivers_room_b
D:3:      layout_loops_cross, kennysheep_ying_yang, trog_book,
          lemuel_round_altar, nicolae_ashenzari_skybound
D:4:      layout_basic, general_overflow_altar,
          minmay_temple_entry_glassed_door, supply_closet_lemuel,
          minmay_bisected

Skill      XL: |  1  2  3  4 |
---------------+-------------+-----
Summonings     | 5 6 |  6.1
Spellcasting   | 3 |  3.4
Dodging        | |  2.1
Stealth        | |  2.0

Action                     |  1- 3 |  4- 6 || total
---------------------------+-------+-------++-------
  Melee: Spear             |    88 |    35 ||   123
         Kick              |     4 |     3 ||     7
         Peck              |     9 |     2 ||    11
         Unarmed           |     1 |       ||     1
   Fire: Sling             |     1 |     2 ||     3
   Cast: Summon Small Mamm |    38 |    10 ||    48
         Call Imp          |     1 |     3 ||     4
         Call Canine Famil |       |     3 ||     3
    Use: Scroll            |       |     4 ||     4
   Stab: Distracted        |     1 |     1 ||     2
         Sleeping          |     1 |     3 ||     4
 Armour: Robe              |     5 |     2 ||     7
  Dodge: Dodged            |    24 |    16 ||    40
  Block: Other             |     4 |     4 ||     8
         Reflection        |     1 |       ||     1
